 Dungeon Crawl Stone Soup version 0.22.0-38-g04b72b8 (console) character file.

1145 nht the Ruffian (level 8, -2/70 HPs)
             Began as an Ogre Transmuter on Aug 31, 2018.
             Was a Follower of Yredelemnul.
             Slain by a killer bee (5 damage)
             ... on level 8 of the Dungeon.
             The game lasted 00:09:58 (4280 turns).

nht the Ruffian (Ogre Transmuter)                   Turns: 4280, Time: 00:09:58

Health: -2/70      AC:  5    Str: 15    XL:     8   Next: 37%
Magic:  1/11       EV: 18    Int: 16    God:    Yredelemnul [*.....]
Gold:   298        SH:  0    Dex: 14    Spells: 2/11 levels left

rFire    + . .     SeeInvis .     - Unarmed
rCold    + . .     Gourm    .   (no shield)
rNeg     + . .     Faith    +   b - +0 robe
rPois    .         Spirit   .   g - +2 hat
rElec    .         Reflect  .   u - scarf {rC+ rF+}
rCorr    .         Harm     .   (gloves unavailable)
MR       .....                  (boots unavailable)
Stlth    ++........             c - amulet of faith
HPRegen  0.21/turn              o - ring of positive energy
MPRegen  0.12/turn              x - +3 ring of evasion

@: agile, lethally poisoned (-2 -> -8), very slightly contaminated
A: large, unfitting armour, tough skin 1
a: Animate Remains, Renounce Religion


You were on level 8 of the Dungeon.
You worshipped Yredelemnul.
Yredelemnul was aware of your devotion.
You were not hungry.

You visited 2 branches of the dungeon, and saw 7 of its levels.

You collected 298 gold pieces.

Inventory:

Missiles
 a - 151 arrows
Armour
 b - a +0 robe (worn)
 g - a +2 hat (worn)
 t - a +2 robe
 u - a scarf of resistance (worn)
Jewellery
 c - an amulet of faith (around neck)
 o - a ring of positive energy (left hand)
 v - a +5 ring of dexterity
 x - a +3 ring of evasion (right hand)
Scrolls
 h - 5 scrolls of enchant armour
 i - a scroll of noise {unknown}
 l - a scroll of remove curse
 n - 3 scrolls of teleportation {unknown}
 q - a scroll of magic mapping {unknown}
 r - a scroll of fog {unknown}
 w - a scroll of vulnerability {unknown}
 y - a scroll of random uselessness {unknown}
Potions
 j - 2 potions of flight
 k - a potion of ambrosia
 m - 3 potions of invisibility
Comestibles
 d - 9 rations


   Skills:
 - Level 1.3 Fighting
 - Level 1.7 Dodging
 * Level 7.8 Unarmed Combat
 - Level 2.4 Spellcasting
 + Level 5.3 Transmutations


You had 2 spell levels left.
You knew the following spells:

 Your Spells              Type           Power        Failure   Level  Hunger
a - Beastly Appendage     Tmut           ###...       2%          1    #......
b - Spider Form           Tmut/Pois      ##........   21%         3    ###....
c - Blade Hands           Tmut           ###.......   52%         5    ######.

Your spell library contained the following spells:

 Spells                   Type           Power        Failure   Level  Hunger
 Sticks to Snakes         Tmut           ###.....     3%          2    ###....
 Ice Form                 Ice/Tmut       ##......     54%         4    #####..


Dungeon Overview and Level Annotations

Branches:
Dungeon (5/15)             Temple (1/1) D:5

Altars:
Ashenzari
Cheibriados
Dithmenos
Fedhas
Gozag
Kikubaaqudgha
Makhleb
Nemelex Xobeh
Okawaru
Qazlal
Sif Muna
Trog
Uskayaw
Vehumet
Wu Jian
Xom
Yredelemnul
The Shining One


Innate Abilities, Weirdness & Mutations

You are too large for most types of armour.
You have tough skin. (AC +1)


Message History

* * * LOW HITPOINT WARNING * * *
The killer bee stings you.
* * * LOW HITPOINT WARNING * * *
You hit the killer bee. Your kick misses the killer bee.
The killer bee is severely wounded.
Your talons disappear.
You feel sick. The killer bee stings you!
* * * LOW HITPOINT WARNING * * *
You are lethally poisoned!
The killer bee poisons you! The orc closely misses you.
The killer bee barely misses you.
You miss the killer bee.
The killer bee is severely wounded.
* * * LOW HITPOINT WARNING * * *
You feel sick. The killer bee barely misses you. The orc misses you.
You barely miss the killer bee.
The killer bee is heavily wounded.
The killer bee closely misses you. The killer bee stings you.
You die...
Your body rises from the dead as a mindless zombie.

█...█
███...██████
█........y.o
█........y
.......
█...█ ██
█...█ █
█...██.███.█
█.....@y.).█
█...██o█████
██. █.█ █
█.█ █.█ █.█
█.█ █.█


You could see a killer bee and an orc.

Vanquished Creatures
  Duvessa (D:5)
  Purgy (D:3)
  2 ogres (D:4)
  Dowan (D:5)
  5 killer bees (D:8)
  3 crimson imps (D:5)
  2 orc priests
  A hound (D:4)
  An orc wizard (D:4)
  3 iguanas (D:5)
  3 worker ants
  4 gnolls (D:2)
  5 adders
  2 worms (D:2)
  A leopard gecko (D:1)
  8 orcs
  4 giant cockroaches
  6 goblins
  5 hobgoblins
  A ball python (D:1)
  3 bats
  5 frilled lizards
  3 kobolds
  5 rats
75 creatures vanquished.

Notes
Turn   | Place    | Note
-------+----------+-------------------------------------------
     0 | D:1      | nht the Ogre Transmuter began the quest for the Orb.
     0 | D:1      | Reached XP level 1. HP: 19/19 MP: 3/3
    88 | D:1      | Reached skill level 3 in Unarmed Combat
   113 | D:1      | Reached XP level 2. HP: 19/27 MP: 5/5
   432 | D:2      | Reached XP level 3. HP: 30/33 MP: 4/6
   526 | D:2      | Learned a level 3 spell: Spider Form
   916 | D:2      | Reached XP level 4. HP: 41/41 MP: 5/7
   930 | D:2      | Reached skill level 4 in Unarmed Combat
  1291 | D:3      | Noticed Purgy
  1320 | D:3      | Killed Purgy
  1320 | D:3      | Reached XP level 5. HP: 48/48 MP: 8/8
  1939 | D:3      | Reached skill level 5 in Unarmed Combat
  2185 | D:4      | Noticed an ogre
  2192 | D:4      | Killed an ogre
  2192 | D:4      | Reached XP level 6. HP: 55/55 MP: 2/9
  2280 | D:4      | Found a deep blue altar of Sif Muna.
  2281 | D:4      | Found a shadowy altar of Dithmenos.
  2282 | D:4      | Found a snail-covered altar of Cheibriados.
  2282 | D:4      | Found an ornate altar of the Wu Jian Council.
  2282 | D:4      | Found an iron altar of Okawaru.
  2632 | D:4      | Reached XP level 7. HP: 28/62 MP: 8/10
  2806 | D:4      | Reached skill level 6 in Unarmed Combat
  2900 | D:4      | Learned a level 5 spell: Blade Hands
  3566 | D:5      | Entered Level 5 of the Dungeon
  3569 | D:5      | Found a staircase to the Ecumenical Temple.
  3600 | Temple   | Entered the Ecumenical Temple
  3651 | Temple   | Became a worshipper of Yredelemnul the Dark
  4038 | D:5      | Noticed Dowan
  4039 | D:5      | Noticed Duvessa
  4048 | D:5      | Killed Duvessa
  4048 | D:5      | Reached skill level 7 in Unarmed Combat
  4048 | D:5      | Reached XP level 8. HP: 26/70 MP: 4/11
  4051 | D:5      | Killed Dowan
  4214 | D:5      | Reached skill level 5 in Transmutations
  4216 | D:5      | Found a shimmering altar of Xom.
  4216 | D:5      | You fall through a shaft for 3 floors!
  4243 | D:8      | Reached * piety under Yredelemnul
  4263 | D:8      | HP: 3/70 [killer bee (5)]
  4278 | D:8      | HP: 3/70 [killer bee (9)]
  4280 | D:8      | Slain by a killer bee

Skill      XL: |  1  2  3  4  5  6  7  8 |
---------------+-------------------------+-----
Unarmed Combat | 3 4 5 7 |  7.8
Transmutations | 2 3 4 5 |  5.3
Fighting       | |  1.3
Dodging        | |  1.7
Spellcasting   | |  2.4

Action                   |  1- 3 |  4- 6 |  7- 9 || total
-------------------------+-------+-------+-------++-------
Melee: Unarmed           |    79 |    89 |   142 ||   310
       Kick              |     5 |     3 |     3 ||    11
       Punch             |     1 |       |     1 ||     2
       Headbutt          |     1 |     3 |     1 ||     5
 Cast: Beastly Appendage |    13 |    11 |     5 ||    29
       Spider Form       |     3 |     3 |     5 ||    11
       Blade Hands       |       |       |     1 ||     1
Evoke: Wand              |     3 |     8 |       ||    11
  Use: Scroll            |       |     5 |     4 ||     9
       Potion            |       |     1 |     8 ||     9
  Eat: Chunk             |       |     7 |     5 ||    12
       Ration            |       |       |     1 ||     1
Armor: Robe              |     6 |    17 |    11 ||    34
       Skin              |     1 |    13 |    37 ||    51
Dodge: Dodged            |    55 |    43 |   126 ||   224
